 Dungeon Crawl Stone Soup version 0.30.1-11-g7821555f0a (webtiles) character file.

Game seed: 13201989578151184787

44556 Ijustatesigmund the Geomancer (level 14, -1/86 HPs)
             Began as a Gargoyle Earth Elementalist on Nov 17, 2023.
             Was the Champion of Cheibriados.
             Slain by a death yak (16 damage)
             ... on level 4 of the Lair of Beasts.
             The game lasted 00:59:13 (29533 turns).

Ijustatesigmund the Geomancer (GrEE)               Turns: 29533, Time: 00:59:13

Health: -1/86      AC: 23    Str: 33    XL:     14   Next: 29%
Magic:  28/28      EV: 13    Int: 36    God:    Cheibriados [******]
Gold:   2073       SH: 14    Dex: 25    Spells: 24/33 levels left

rFire   . . .        d - +4 flail
rCold   . . .        o - +2 buckler
rNeg    + . .        H - +0 acid dragon scales
rPois   ∞            (no helmet)
rElec   +            J - +2 cloak
rCorr   +            (no gloves)
SInv    .            B - +1 pair of boots
Will    +....        g - amulet of reflection
Stlth   ++           r - ring of wizardry
HPRegen 0.34/turn    A - +6 ring of strength
MPRegen 0.21/turn

%: reflection, wizardry (x1)
@: about to teleport, flying, very slow
A: sickness immunity, AC +10, big wings, negative energy resistance 1,
electricity resistance, torment resistance 1, petrification resistance
a: Renounce Religion, Bend Time, Temporal Distortion, Slouch, Step From Time


You were on level 4 of the Lair of Beasts.
You worshipped Cheibriados.
Cheibriados was exalted by your worship.
You visited 3 branches of the dungeon, and saw 19 of its levels.
You also visited: Sewer.

You collected 2073 gold pieces.

Inventory:

Hand Weapons
 d - a +4 flail (weapon)
Missiles
 y - 2 throwing nets
Armour
 a - +1 steam dragon scales
 o - a +2 buckler (worn)
 B - a +1 pair of boots (worn)
 H - +0 acid dragon scales (worn)
 J - a +2 cloak (worn)
Jewellery
 f - a ring of positive energy
 g - an amulet of reflection (around neck)
 r - a ring of wizardry (left hand)
 A - a +6 ring of strength (right hand)
 D - a ring of willpower
 L - an amulet of regeneration
Wands
 q - a wand of flame (13)
 z - a wand of mindburst (19)
 C - a wand of digging (1)
 G - a wand of polymorph (5)
 N - a wand of paralysis (5)
Scrolls
 c - a scroll of fear
 j - 10 scrolls of identify
 k - a scroll of enchant armour
 l - 3 scrolls of vulnerability
 n - a scroll of teleportation
 p - 3 scrolls of enchant weapon
 s - a scroll of blinking
 w - 3 scrolls of torment
 x - 2 scrolls of magic mapping
 K - a scroll of immolation
Potions
 b - 2 potions of magic
 e - 2 potions of mutation
 h - 3 potions of might
 i - a potion of attraction
 m - 6 potions of flight
 t - 5 potions of curing
 u - 2 potions of cancellation
 v - a potion of berserk rage
 E - 4 potions of lignification
 F - 2 potions of brilliance
 I - a potion of heal wounds
 M - a potion of resistance {unknown}


   Skills:
 + Level 9.1 Fighting
 - Level 5.0 Maces & Flails
 - Level 5.8 Armour
 - Level 3.1 Dodging
 - Level 2.1 Stealth
 - Level 5.2 Shields
 + Level 10.2 Spellcasting
 - Level 10.6 Conjurations
 - Level 0.7 Transmutations
 + Level 5.2 Fire Magic
 - Level 11.8 Earth Magic
 + Level 11.2 Invocations
 - Level 4.0 Evocations


You had 24 spell levels left.
You knew the following spells:

 Your Spells              Type           Power      Damage    Failure   Level
a - Sandblast             Erth           100%       2d20      0%          1
b - Stone Arrow           Conj/Erth      100%       3d13      1%          3
c - Fireball              Conj/Fire      33%        3d14      1%          5

Your spell library contained the following spells:

 Spells                   Type           Power      Damage    Failure   Level
 Foxfire                  Conj/Fire      100%       2x1d9     1%          1
 Sting                    Tmut/Pois      84%        1d7       1%          1
 Ensorcelled Hibernation  Hex/Ice        36%        N/A       1%          2
 Passwall                 Tmut/Erth      49%        N/A       1%          2
 Poisonous Vapours        Pois/Air       36%        N/A       1%          2
 Wereblood                Tmut           23%        N/A       1%          2
 Ignite Poison            Fire/Tmut/Pois 32%        N/A       1%          3
 Inner Flame              Hex/Fire       37%        N/A       1%          3
 Flame Wave               Conj/Fire      66%        2d15      1%          4
 Petrify                  Tmut/Erth      59%        N/A       1%          4
 Gell's Gravitas          Tloc           18%        N/A       3%          3
 Swiftness                Air            18%        N/A       3%          3
 Teleport Other           Tloc           18%        N/A       3%          3
 Starburst                Conj/Fire      33%        6d10      7%          6
 Manifold Assault         Tloc           18%        N/A       12%         4
 Olgreb's Toxic Radiance  Pois           18%        N/A       12%         4
 Summon Ice Beast         Ice/Summ       18%        N/A       12%         4
 Summon Mana Viper        Hex/Summ       18%        N/A       32%         5
 Plasma Beam              Fire/Air       18%        2x1d33    50%         6
 Dispersal                Tloc           9%         N/A       86%         6
 Monstrous Menagerie      Summ           9%         N/A       100%        7
 Summon Hydra             Summ           9%         N/A       100%        7
 Disjunction              Tloc           9%         N/A       100%        8
 Death's Door             Necr           9%         N/A       100%        9
 Sublimation of Blood     Necr           Unusable   N/A       N/A         2

Dungeon Overview and Level Annotations

Branches:
Dungeon (14/15)            Temple (1/1) D:4            Lair (4/5) D:9
  Swamp (0/4) Lair:3       Spider (0/4) Lair:3          Orc (0/2) D:12
 Vaults (0/5) D:13          Sewer (visited)
  Slime: Lair:4-5

Altars:
Ashenzari
Cheibriados
Dithmenos
Elyvilon
Fedhas
Gozag
Hepliaklqana
Kikubaaqudgha
Makhleb
Nemelex Xobeh
Okawaru
Qazlal
Ru
Sif Muna
Trog
Uskayaw
Vehumet
Wu Jian
Xom
Yredelemnul
Zin
The Shining One

Shops:
D:4 (

Annotations:
D:13 2 runed translucent doors


Innate Abilities, Weirdness & Mutations

You are immune to sickness and miasma.
Your stone body is resilient. (AC +10)
You are immune to poison.
Your large and strong wings let you fly.
You resist negative energy. (rN+)
You are resistant to electric shocks. (rElec)
You are resistant to unholy torment.
You are immune to petrification.


Message History

The rime drake attacks as you move away!
The rime drake misses you. The rime drake breathes ice at you.
The icy flash freeze hits you!
You are encased in ice.
You block the wolf's attack.
Aiming: Dig
Press: ? - help, Shift-Dir - straight line A rock wall.
The rock shatters into small pieces.
You block the death yak's attack. The death yak attacks as you move away!
The death yak gores you but does no damage.
The death yak attacks as you move away! The death yak gores you!!
The ice encasing you melts away.
A bullfrog comes into view.
You block the death yak's attack.
The bullfrog gives a loud, deep croak!
You sock the death yak!
The death yak is lightly wounded.
The death yak gores you but does no damage.
You barely miss the death yak.
The death yak is lightly wounded.
You block the bullfrog's attack. The death yak completely misses you.
The bullfrog snags a nearby moth with its tongue.
You block the bullfrog's attack. The death yak gores you.
* * * LOW HITPOINT WARNING * * *
Unknown command.
Aiming: Paralyse
Press: ? - help, Shift-Dir - straight line, f - death yak
Aim: a death yak (lightly wounded, chance to affect: 4%)
Okay, then.
As you read the scroll of teleportation, it crumbles to dust.
You feel strangely unstable. The bullfrog misses you. The death yak gores you!
* * * LOW HITPOINT WARNING * * *
Unknown command.
You hit the bullfrog.
The bullfrog is moderately wounded.
You block the bullfrog's attack. The bullfrog closely misses you.
The death yak gores you!
You die...

##......†.....# ....#
#.............## #.....
##........>....##.....#
........................
.................>......
.#P...........)hY.......
##........^####Y#.....
.....###P..# #Y# ..#.
.##..P ##... #@# .# #..#
##..# #F# #. #.# ..# ...
.... ..#. .## ..


You could see 3 death yaks, a wolf and a bullfrog.

Vanquished Creatures
  An entropy weaver (shapeshifter) (D:14)
  A catoblepas (Lair:3)
  A hydra (Lair:3)
  3 centaur warriors (D:13)
  2 ghost crabs (Lair:3)
  2 boulder beetles
  A two-headed ogre (D:12)
  2 death yaks
  Urug (D:10)
  Nergalle (D:12)
  4 skysharks
  11 skeletal warriors
  Lodul (D:10)
  An orc knight (D:11)
  A deep elf pyromancer (D:12)
  A cyclops (D:11)
  2 ugly things
  A black mamba (Lair:4)
  Maurice (D:9)
  7 cane toads
  Maggie (D:6)
  A torpor snail (Lair:2)
  4 komodo dragons
  3 rime drakes
  A tengu conjurer (D:10)
  2 kobold demonologists (D:12)
  2 trolls
  A blink frog (Lair:4)
  A slime creature (D:13)
  6 dream sheep (Lair:3)
  6 wyverns
  4 wraiths
  2 shadows
  A vampire (D:7)
  2 basilisks
  22 yaks
  A spectral komodo dragon (Lair:3)
  3 steam dragons
  A fire elemental (D:13)
  6 vampire mosquitoes
  Menkaure (D:6)
  2 acid dragons
  A swamp drake (D:12)
  3 water moccasins (Lair:1)
  Duvessa (D:6)
  A spectral polar bear (Lair:3)
  7 orc warriors
  4 black bears
  3 ice beasts
  5 sky beasts
  A spectral blink frog (Lair:3)
  A spectral rime drake (Lair:3)
  10 ogres
  8 centaurs
  6 wolves
  A phantom (D:5)
  10 kobold brigands
  13 bullfrogs
  A gnoll sergeant (D:11)
  2 scorpions (D:7)
  18 wights
  Dowan (D:6)
  18 killer bees
  8 howler monkeys
  An electric eel (Lair:2)
  A jelly (D:5)
  4 hounds
  A gnoll bouda (D:9)
  9 orc priests
  2 iguanas (D:6)
  A sleepcap (D:5)
  4 hell rats (Lair:1)
  13 orc wizards
  Robin (D:3)
  8 gnolls
  8 adders
  A white imp (D:5)
  2 ufetubi
  A worm (D:3)
  3 dart slugs
  58 orcs
  8 ball pythons
  7 endoplasms
  5 giant cockroaches
  15 goblins
  9 hobgoblins
  2 jackals
  5 quokkas
  5 bats
  7 frilled lizards
  36 kobolds
  11 rats
469 creatures vanquished.

Vanquished Creatures (collateral kills)
  2 skeletal warriors (D:12)
2 creatures vanquished.

Vanquished Creatures (others)
  A water elemental (D:13)
  A sky beast (D:9)
2 creatures vanquished.

Grand Total: 473 creatures vanquished

Notes
Turn   | Place    | Note
-------+----------+-------------------------------------------
     0 | D:1      | Ijustatesigmund the Gargoyle Earth Elementalist began the
                  | quest for the Orb.
     0 | D:1      | Reached XP level 1. HP: 10/10 MP: 3/3
   103 | D:1      | Reached XP level 2. HP: 16/16 MP: 3/5
   183 | D:1      | Reached skill level 1 in Fighting
   624 | D:1      | Reached XP level 3. HP: 20/20 MP: 3/6
   628 | D:1      | Learned a level 3 spell: Stone Arrow
   858 | D:2      | You fall into a shaft and drop 1 floor!
  1083 | D:2      | Reached skill level 1 in Conjurations
  1557 | D:3      | Found a faded altar of an unknown god.
  1632 | D:3      | Reached XP level 4. HP: 25/25 MP: 5/8
  1994 | D:3      | Found an opulent altar of Gozag.
  2143 | D:3      | Reached XP level 5. HP: 29/29 MP: 7/9
  2171 | D:3      | Noticed Robin
  2173 | D:3      | Killed Robin
  2348 | D:4      | Found a glowing drain.
  2420 | Sewer    | Entered a sewer
  2555 | Sewer    | Noticed a kobold brigand
  2563 | Sewer    | Killed a kobold brigand
  2564 | Sewer    | Reached skill level 5 in Earth Magic
  2564 | Sewer    | Reached XP level 6. HP: 27/34 MP: 6/10
  3618 | D:4      | Reached skill level 1 in Maces & Flails
  3678 | D:4      | Found Miem's Antique Weapon Shop.
  3923 | D:4      | Found a shadowy altar of Dithmenos.
  4255 | D:4      | Found a staircase to the Ecumenical Temple.
  4264 | Temple   | Entered the Ecumenical Temple
  4442 | Temple   | Became a worshipper of Cheibriados the Contemplative
  4539 | D:5      | Entered Level 5 of the Dungeon
  4546 | D:5      | Reached XP level 7. HP: 38/38 MP: 8/12
  4736 | D:5      | Reached skill level 1 in Invocations
  5059 | D:5      | Got the Quarto of Posthumous Incandescence
  5213 | D:5      | Reached skill level 5 in Conjurations
  5832 | D:5      | Reached XP level 8. HP: 43/43 MP: 10/14
  6115 | D:6      | Noticed Menkaure
  6209 | D:5      | Reached * piety under Cheibriados
  6993 | D:6      | Killed Menkaure
  6994 | D:6      | Reached skill level 5 in Spellcasting
  7317 | D:6      | Noticed Maggie
  7325 | D:6      | Killed Maggie
  7326 | D:6      | Reached XP level 9. HP: 29/51 MP: 0/17
  7822 | D:6      | Noticed Dowan
  7827 | D:6      | Noticed Duvessa
  7832 | D:6      | Killed Duvessa
  7849 | D:6      | Killed Dowan
  8043 | D:6      | Identified the +0 chain mail "Qisohe" {rC+ Str+7 Int-2}
  8229 | D:6      | Found a shimmering altar of Xom.
  8451 | D:7      | Found a white marble altar of Elyvilon.
  8611 | D:7      | Reached ** piety under Cheibriados
  8878 | D:7      | Reached skill level 5 in Invocations
  9125 | D:7      | Found a transporter.
  9129 | D:7      | Noticed a boulder beetle
  9146 | D:7      | Found a transporter.
  9149 | D:7      | Noticed a cyclops
 10127 | D:8      | Reached XP level 10. HP: 58/58 MP: 7/19
 10535 | D:8      | Reached skill level 5 in Fighting
 10558 | D:8      | Reached *** piety under Cheibriados
 11228 | D:8      | Reached skill level 5 in Maces & Flails
 11606 | D:8      | Reached **** piety under Cheibriados
 12061 | D:9      | Reached skill level 1 in Armour
 13338 | D:9      | Noticed Maurice
 13534 | D:9      | Killed Maurice
 13570 | D:9      | Reached XP level 11. HP: 59/64 MP: 3/21
 13802 | D:9      | Identified a scroll of acquirement
 13802 | D:9      | Acquired 910 gold pieces
 13853 | D:9      | Found a broken altar of Ashenzari.
 13994 | D:9      | Reached ***** piety under Cheibriados
 14451 | D:9      | Found a staircase to the Lair.
 14956 | D:10     | Entered Level 10 of the Dungeon
 14958 | D:10     | Found a basalt altar of Yredelemnul.
 15108 | D:7      | Killed a boulder beetle
 15415 | D:10     | Noticed Urug
 15421 | D:10     | Killed Urug
 15422 | D:10     | Reached skill level 10 in Earth Magic
 15950 | D:10     | Noticed Lodul
 16340 | D:10     | Noticed an orc knight
 16825 | D:10     | Killed Lodul
 16910 | D:10     | Noticed a red ugly thing
 17500 | D:10     | Noticed a red ugly thing
 17515 | D:11     | Killed an orc knight
 17588 | D:11     | Killed a red ugly thing
 17801 | D:10     | Killed a red ugly thing
 17802 | D:10     | Reached XP level 12. HP: 68/68 MP: 11/24
 18053 | D:10     | Reached ****** piety under Cheibriados
 18533 | D:10     | HP: 3/68 [skeletal warrior/+0 war axe (21)]
 18934 | D:11     | Reached skill level 5 in Shields
 19083 | D:11     | Reached skill level 1 in Evocations
 20607 | D:12     | Reached skill level 5 in Armour
 20737 | D:12     | Noticed Nergalle
 20751 | D:12     | Killed Nergalle
 21300 | D:12     | Found a staircase to the Orcish Mines.
 21551 | D:12     | Noticed a two-headed ogre
 21556 | D:12     | Killed a two-headed ogre
 21557 | D:12     | Reached skill level 10 in Conjurations
 22269 | D:13     | Noticed a centaur warrior
 22271 | D:13     | Killed a centaur warrior
 22274 | D:13     | Noticed an entropy weaver
 22280 | D:14     | Noticed a boulder beetle
 22284 | D:14     | Killed an entropy weaver
 22285 | D:14     | Reached XP level 13. HP: 62/74 MP: 3/25
 22298 | D:13     | Found a large runed translucent door.
 22298 | D:13     | Found a large runed translucent door.
 22303 | D:13     | Noticed an ironbound preserver
 22307 | D:13     | Found a gate to the Vaults.
 23119 | D:13     | Learned a level 5 spell: Fireball
 23498 | D:13     | Reached skill level 1 in Fire Magic
 23865 | Lair:1   | Entered Level 1 of the Lair of Beasts
 24122 | Lair:1   | Reached skill level 10 in Invocations
 27532 | Lair:3   | Found a hole to the Spider Nest.
 27678 | Lair:3   | Gained mutation: Your large and strong wings let you fly.
                  | [Gargoyle growth]
 27678 | Lair:3   | Reached XP level 14. HP: 67/84 MP: 27/27
 27916 | Lair:3   | Found a staircase to the Swamp.
 27929 | Lair:3   | Reached skill level 10 in Spellcasting
 28495 | Lair:3   | You are sucked into a shaft and drop 1 floor!
 28684 | Lair:3   | Reached skill level 5 in Fire Magic
 29533 | Lair:4   | Slain by a death yak

Illustrated notes

Levels and vault maps discovered:
D:1:      minmay_arrival_split_and_join, layout_basic
D:2:      layout_rooms, minmay_misc_feat_chi
D:3:      layout_loops_cross, nicolae_gozag_seed_capital,
          shapermc_ecumenical_altar_acropolis, uniq_robin
D:4:      layout_rooms, grunt_dithmenos_smoke_and_mirrors,
          minmay_temple_entry_poolview, serial_shops,
          nicolae_shop_rolling_square, portal_sewer_entry_f,
          hangedman_decor_riveting, kennysheep_generic_room_14
D:5:      layout_basic, kennysheep_windowed_goal
D:6:      layout_loops_cross, tgw_xom, uniq_maggie, uniq_duvessa, uniq_menkaure
D:7:      gammafunk_the_bubble [the_bubble_gammafunk_crates], layout_basic,
          elyvilon_altar_5
D:8:      layout_cave_pods
D:9:      layout_gridville, nicolae_ashenzari_panopticon, david_lair_generic,
          minmay_curled_crystal, hangedman_misty_isle, uniq_maurice
D:10:     layout_small_grid, amcnicky_altar_gilded, minivault_20,
          minmay_misc_feat_secret_circle, uniq_lodul, uniq_urug
D:11:     layout_big_octagon, serial_co_window_serial, co_window_paths_a,
          co_window_of_opportunity_a, co_window_corner_a, co_window_cross_1,
          co_window_corner_a, co_window_2corner, co_window_of_opportunity_b,
          co_window_corner_b, co_window_2corner, co_window_cross_2,
          glass_columns_b, glass_columns_c, glass_columns_a
D:12:     layout_stronghold, erik_orc_1, uniq_nergalle
D:13:     layout_irregular_city, skrybe_vaults_entry_preservation,
          chequers_serial_rivers_micro_d, lightli_elemental_guards
D:14:     layout_long_grid, nicolae_kikubaaqudgha_miasma_corner, uniq_azrael
Temple:   eino_temple_rhombus
Lair:1:   layout_gridlike, nicolae_quartered_pool_little,
          chequers_serial_rivers_large_a
Lair:2:   layout_roguey, lemuel_fruit_tree, lemuel_fruit_fields,
          serial_bayou_shore_a, serial_bayou_shore_b
Lair:3:   layout_loops_ring, nicolae_swamp_entry_spooky,
          spider_nest_entry_web_field, nicolae_lair_lil_pond, grunt_megastairs_5
Lair:4:   nzn_winding_woodlands_three_and_one [nzn_winding_woodlands_5x15_eye,
          nzn_winding_woodlands_5x15_default, nzn_winding_woodlands_5x15_twine,
          nzn_winding_woodlands_center_pierced_h], layout_small_grid,
          slime_entry_1, gammafunk_ghost_wrathful_warriors,
          infiniplex_staircase_pool, serial_bayou_shore_b

Skill      XL: |  1  2  3  4  5  6  7  8  9 10 11 12 13 14 |
---------------+-------------------------------------------+-----
Fighting       | 1 3 4 5 6 8 9 |  9.1
Earth Magic    | 4 5 6 7 8 9 10 11 | 11.8
Conjurations   | 1 2 3 4 5 6 7 8 9 10 | 10.6
Spellcasting   | 3 4 5 6 8 9 10 | 10.2
Maces & Flails | 1 3 4 5 |  5.0
Invocations    | 2 4 5 6 8 9 10 11 | 11.2
Armour         | 3 5 |  5.8
Dodging        | 2 3 |  3.1
Shields        | 5 |  5.2
Evocations     | 4 |  4.0
Fire Magic     | 4 5 |  5.2
Stealth        | |  2.1
Transmutations | |  0.7

Action                     |  1- 3 |  4- 6 |  7- 9 | 10-12 | 13-15 || total
---------------------------+-------+-------+-------+-------+-------++-------
  Melee: Short sword       |     1 |       |       |       |       ||     1
         Quarterstaff      |    12 |    58 |       |       |       ||    70
         Whip              |       |    48 |     9 |       |       ||    57
         Flail             |       |       |    51 |   276 |   243 ||   570
         Punch             |       |       |       |     3 |       ||     3
   Cast: Sandblast         |    46 |    51 |     3 |     1 |     5 ||   106
         Stone Arrow       |       |    20 |   117 |   250 |   146 ||   533
         Fireball          |       |       |       |       |    16 ||    16
 Invoke: Slouch            |       |       |       |       |     4 ||     4
  Evoke: Wand              |       |       |       |    13 |     7 ||    20
    Use: Scroll            |     1 |     4 |     2 |    19 |    10 ||    36
         Potion            |       |     4 |       |    10 |     4 ||    18
   Stab: Sleeping          |       |     2 |       |     1 |     1 ||     4
         Distracted        |       |       |       |     1 |       ||     1
 Armour: Robe              |     5 |    61 |    14 |       |       ||    80
         Skin              |       |     5 |       |       |       ||     5
         Steam dragon scal |       |       |    22 |   171 |       ||   193
         Acid dragon scale |       |       |       |    61 |   231 ||   292
  Dodge: Dodged            |    20 |    76 |    48 |   299 |   260 ||   703
  Block: Other             |       |       |    29 |    74 |       ||   103
         Reflection        |       |       |       |    14 |     7 ||    21
         Buckler           |       |       |       |   109 |   409 ||   518
